 Dungeon Crawl Stone Soup version 0.28.0 (webtiles) character file.

Game seed: 14519031087563255495

210 RighteousDevil the Digger (level 5, -11/28 HPs)
             Began as a Gargoyle Earth Elementalist on Feb 5, 2022.
             Was a Believer of Lugonu.
             Mangled by an ogre (13 damage)
             ... on level 4 of the Dungeon.
             The game lasted 00:07:45 (3618 turns).

RighteousDevil the Digger (GrEE)                    Turns: 3618, Time: 00:07:46

Health: -11/28     AC: 30    Str: 14    XL:     5   Next: 87%
Magic:  8/8        EV:  6    Int: 15    God:    Lugonu [**....]
Gold:   171        SH:  0    Dex: 16    Spells: 7/8 levels left

rFire   . . .      SeeInvis .   b - +1 war axe (venom)
rCold   . . .      Faith    .   (no shield)
rNeg    + . .      Spirit   .   d - +18 Lear's hauberk
rPois   ∞          Reflect  .   (helmet currently unavailable)
rElec   +          Harm     .   (no cloak)
rCorr   .          Rampage  .   (gloves currently unavailable)
Will    .....                   (boots currently unavailable)
Stlth   ..........              (no amulet)
HPRegen 0.09/turn               k - +6 ring of dexterity
MPRegen 0.11/turn               (no ring)

@: mighty
A: sickness immunity, AC +4, negative energy resistance 1, electricity
resistance, torment resistance 1, petrification resistance
a: Renounce Religion, Depart the Abyss, Bend Space


You were on level 4 of the Dungeon.
You worshipped Lugonu.
Lugonu was pleased with you.
You visited 1 branch of the dungeon, and saw 4 of its levels.

You collected 171 gold pieces.

Inventory:

Hand Weapons
 a - a +0 mace
 b - a +1 war axe of venom (weapon)
Missiles
 c - 123 stones
Armour
 d - the +18 Lear's hauberk (worn)
   (You found it on level 4 of the Dungeon)
Jewellery
 k - a +6 ring of dexterity (left hand)
Wands
 r - a wand of digging (8)
Scrolls
 j - a scroll of brand weapon {unknown}
 m - 2 scrolls of immolation
 n - 2 scrolls of teleportation {unknown}
 q - 3 scrolls of identify
Potions
 f - a potion of haste
 g - a potion of degeneration {unknown}
 h - 2 potions of ambrosia {unknown}
 l - a potion of mutation {unknown}
 o - a potion of attraction {unknown}


   Skills:
 + Level 0.1 Fighting
 * Level 2.4(3.3) Axes
 - Level 3.9(4.3) Maces & Flails
 + Level 0.1 Armour
 - Level 2.0 Dodging
 - Level 2.2 Stealth
 - Level 2.0 Spellcasting
 - Level 1.0 Transmutations
 - Level 4.0 Earth Magic


You had 7 spell levels left.
You knew the following spells:

 Your Spells              Type           Power      Damage    Failure   Level
a - Sandblast             Erth           26%        2d8       78%         1

Your spell library contained the following spells:

 Spells                   Type           Power      Damage    Failure   Level
 Passwall                 Tmut/Erth      7%         N/A       98%         2
 Animate Skeleton         Necr           2%         N/A       100%        1
 Apportation              Tloc           2%         N/A       100%        1
 Summon Small Mammal      Summ           4%         N/A       100%        1
 Ozocubu's Armour         Ice            1%         N/A       100%        3
 Stone Arrow              Conj/Erth      14%        3d7       100%        3
 Petrify                  Tmut/Erth      9%         N/A       100%        4
 Metabolic Englaciation   Hex/Ice        0%         N/A       100%        5
 Simulacrum               Ice/Necr       0%         N/A       100%        6


Dungeon Overview and Level Annotations

Branches:
Dungeon (4/15)
 Temple: D:4-7

Altars:
Qazlal
Lugonu


Innate Abilities, Weirdness & Mutations

You are immune to sickness and miasma.
Your stone body is resilient. (AC +4)
You are immune to poison.
You resist negative energy. (rN+)
You are resistant to electric shocks. (rElec)
You are resistant to unholy torment.
You are immune to petrification.


Message History

There is an open door here.
An ogre is nearby!
The ogre shouts!
There is a broken door here.
You hit the ogre.
The ogre is lightly wounded.
The ogre barely misses you.
You hit the ogre.
The ogre is lightly wounded.
The ogre hits you with a +0 giant club!
Ouch! That really hurt!
You are too injured to fight recklessly!
There is a broken door here.
Okay, then.
There is an open door here.
Okay, then.
There is an open door here.
As you read the scroll of fear, it crumbles to dust.
You assume a fearsome visage.
The ogre looks frightened!
The ogre prays for help.
Okay, then.
Aiming: Sandblast (safe; 78% risk of failure)
Press: ? - help, Q - select action, (/) - cycle Shift-Dir - straight line, f - you
Okay, then.
There is an open door here.
You close the door.
There is a broken door here.
It's broken and can't be closed.
There is a stone staircase leading up here.
You start resting.
An ogre is nearby!
It was a potion of might.
You feel very mighty all of a sudden. The ogre hits you with a +0 giant club!
Ouch! That really hurt!
* * * LOW HITPOINT WARNING * * *
You hit the ogre.
The ogre is moderately wounded.
The ogre hits you with a +0 giant club!
You die...

#..##########'#####
#..#####...........
#..#...'...........
#..#...#...........
#..#...#...........
#..#...#...........
#########...........
#.<.......##'####'##
#..@......#........#
#..O......#........#
#.........'........#
#.........#........#
#.........#........#
#.........#.......##
###'#######..######
#.....#......#
#.....#......#


You could see an ogre.

Vanquished Creatures
  2 hounds (D:4)
  Ijyb (D:4)
  5 adders
  A white imp (D:3)
  An adder skeleton (D:4)
  A worm (D:4)
  2 dart slugs
  6 endoplasms
  3 giant cockroaches
  3 goblins
  7 hobgoblins
  8 jackals (D:3)
  6 ball pythons
  7 bats
  A frilled lizard (D:2)
  4 kobolds
  5 rats
63 creatures vanquished.

Notes
Turn   | Place    | Note
-------+----------+-------------------------------------------
     0 | D:1      | RighteousDevil the Gargoyle Earth Elementalist began the
                  | quest for the Orb.
     0 | D:1      | Reached XP level 1. HP: 10/10 MP: 3/3
   298 | D:1      | Reached skill level 1 in Transmutations
   298 | D:1      | Reached XP level 2. HP: 15/15 MP: 5/5
   330 | D:1      | Reached skill level 1 in Maces & Flails
   908 | D:1      | Reached skill level 4 in Earth Magic
   919 | D:1      | Reached XP level 3. HP: 19/19 MP: 6/6
  1604 | D:3      | Reached skill level 1 in Axes
  1746 | D:3      | Reached XP level 4. HP: 4/24 MP: 5/7
  2323 | D:3      | Found a faded altar of an unknown god.
  2332 | D:3      | Prayed at the altar of an unknown god.
  2332 | D:3      | Became a worshipper of Lugonu the Unformed
  2332 | D:3      | Reached * piety under Lugonu
  2332 | D:3      | Reached ** piety under Lugonu
  2751 | D:4      | Reached XP level 5. HP: 28/28 MP: 8/8
  2757 | D:4      | Noticed a water elemental
  2759 | D:4      | Found a stormy altar of Qazlal.
  2760 | D:4      | Noticed a fire elemental
  2760 | D:4      | Noticed an air elemental
  3060 | D:4      | Noticed an ogre
  3102 | D:4      | Noticed Ijyb
  3112 | D:4      | Killed Ijyb
  3361 | D:4      | Found the +18 Lear's hauberk
  3618 | D:4      | Mangled by an ogre

Illustrated notes

Levels and vault maps discovered:
D:1:      zaba_arrival_water, layout_basic, minmay_tromino_v4_c
D:2:      layout_rooms
D:3:      layout_basic, shapermc_ecumenical_altar_notcrosses,
          minmay_crystal_room
D:4:      layout_gridville, nicolae_qazlal_style_of_elements,
          portal_sewer_entry_d, kennysheep_generic_room_8, uniq_ijyb

Skill      XL: |  1  2  3  4  5 |
---------------+----------------+-----
Transmutations | 1 |  1.0
Maces & Flails | 1 2 3 |  3.9
Earth Magic    | 4 |  4.0
Dodging        | 2 |  2.0
Axes           | 1 2 |  2.4
Fighting       | |  0.1
Armour         | |  0.1
Stealth        | |  2.2
Spellcasting   | |  2.0

Action                   |  1- 3 |  4- 6 || total
-------------------------+-------+-------++-------
Melee: Club              |    25 |       ||    25
       Unarmed           |     2 |       ||     2
       War axe           |    51 |    65 ||   116
       Punch             |     1 |     1 ||     2
 Cast: Sandblast         |    14 |     1 ||    15
  Use: Scroll            |     1 |     7 ||     8
       Potion            |     3 |     2 ||     5
 Stab: Sleeping          |     4 |     8 ||    12
Armor: Robe              |     7 |       ||     7
       Leather armour    |    29 |    18 ||    47
       Chain mail        |       |     8 ||     8
Dodge: Dodged            |    59 |    41 ||   100
